 Dungeon Crawl Stone Soup version 0.31-a0-978-g1e143483b6 (webtiles) character file.

Game seed: 14414337083306299332

122 AppTheSpectato the Magician (level 5, -10/38 HPs)
             Began as a Djinni Ice Elementalist on Oct 30, 2023.
             Mangled by Crazy Yiuf
             ... wielding a +3 quarterstaff of chaos
              (16 damage)
             ... on level 3 of the Dungeon.
             The game lasted 00:07:29 (2481 turns).

AppTheSpectato the Magician (DjIE)                  Turns: 2481, Time: 00:07:29

Health: -10/38     AC:  2    Str:  7    XL:     5   Next: 27%
Gold:   203        EV: 17    Int: 18    God:
                   SH:  0    Dex: 14

rFire   + + +        (no weapon)
rCold   x . .        (no shield)
rNeg    . . .        a - +0 robe
rPois   ∞            (no helmet)
rElec   .            (no cloak)
rCorr   .            (no gloves)
SInv    .            (boots unavailable)
Will    .....        (no amulet)
Stlth   ++           c - ring of protection from fire
HPRegen 0.26/turn    k - +5 ring of evasion
MPRegen 0.00/turn

%: infuse magic (-11 HP)
@: flying
A: sickness immunity, fire resistance 2, cold vulnerability 1, float, innate
caster, HP casting, extra vitality 1
a: no special abilities


You were on level 3 of the Dungeon.
You visited 1 branch of the dungeon, and saw 3 of its levels.

You collected 203 gold pieces.

Inventory:

Armour
 a - a +0 robe (worn)
 n - an orb of wrath
Jewellery
 c - a ring of protection from fire (left hand)
 k - a +5 ring of evasion (right hand)
Wands
 h - a wand of paralysis (7)
Scrolls
 b - 2 scrolls of noise {unknown}
 d - a scroll of blinking
 f - 2 scrolls of summoning {unknown}
 i - 2 scrolls of amnesia {unknown}
 m - 2 scrolls of teleportation {unknown}
 q - a scroll of poison {unknown}
 r - 3 scrolls of identify {unknown}
Potions
 e - 2 potions of curing {unknown}
 g - a potion of mutation {unknown}
 j - a potion of invisibility {unknown}
 l - 2 potions of lignification {unknown}
 o - a potion of cancellation {unknown}
 p - a potion of haste {unknown}


   Skills:
 + Level 2.2 Fighting
 - Level 2.4 Dodging
 - Level 1.8 Stealth
 * Level 4.3 Spellcasting
 * Level 4.3 Conjurations
 * Level 4.3 Hexes
   Level 0.0 Charms
 * Level 4.3 Summonings
 * Level 4.3 Necromancy
 * Level 4.3 Translocations
 * Level 4.3 Transmutations
 * Level 4.3 Fire Magic
 * Level 4.3 Ice Magic
 * Level 4.3 Air Magic
 * Level 4.3 Earth Magic
 * Level 4.3 Poison Magic


You knew the following spells:

 Your Spells              Type           Power      Damage    Failure   Level
a - Freeze                Ice            76%        1d8       2%          1
b - Frozen Ramparts       Ice            38%        1d6       7%          3
c - Ozocubu's Armour      Ice            19%        N/A       7%          3
d - Summon Ice Beast      Ice/Summ       19%        N/A       24%         4
e - Sandblast             Erth           38%        2d10      2%          1
f - Call Imp              Summ           38%        N/A       3%          2
Your spell library was empty.

Dungeon Overview and Level Annotations

Branches:
Dungeon (3/15)

Altars:

Annotations:
D:3 Crazy Yiuf


Innate Abilities, Weirdness & Mutations

You are immune to sickness and miasma.
You are immune to poison.
Your flesh is very heat resistant. (rF++)
You are vulnerable to cold. (rC-)
You float through the air rather than walking.
You learn spells naturally, not from books.
Your magical power is your life essence.
You have superior vitality. (+4 MHP)


Message History

Casting: Sandblast (safe; 2% risk of failure)
Confirm with . or Enter, or press ? or * to list all spells.
A tiny devil pulls itself out of the air.
You reach down and open the door.
Your cerulean imp closely misses Crazy Yiuf.
Aiming: Sandblast (safe; 2% risk of failure)
Press: ? - help, Q - select action, (/) - cycle Shift-Dir - straight line, f - Crazy Yiuf
Aim: Crazy Yiuf, wielding a +3 quarterstaff of chaos and wearing a +0 cloak (ally target, 84% to hit)
The blast of sand hits Crazy Yiuf.
Crazy Yiuf is lightly wounded.
Crazy Yiuf barely misses you.
Your cerulean imp hits Crazy Yiuf but does no damage.
Crazy Yiuf misses you.
Aiming: Sandblast (safe; 2% risk of failure)
Press: ? - help, Q - select action, (/) - cycle Shift-Dir - straight line, f/p - Crazy Yiuf
Aim: Crazy Yiuf, wielding a +3 quarterstaff of chaos and wearing a +0 cloak (lightly wounded, ally target, 84% to hit)
The blast of sand hits Crazy Yiuf.
Crazy Yiuf is moderately wounded.
Your cerulean imp hits Crazy Yiuf but does no damage.
Crazy Yiuf closely misses you.
Your cerulean imp completely misses Crazy Yiuf.
Aiming: Sandblast (safe; 2% risk of failure)
Press: ? - help, Q - select action, (/) - cycle Shift-Dir - straight line, f/p - Crazy Yiuf
Aim: Crazy Yiuf, wielding a +3 quarterstaff of chaos and wearing a +0 cloak (moderately wounded, ally target, 84% to hit)
The blast of sand hits Crazy Yiuf.
Crazy Yiuf is moderately wounded.
Crazy Yiuf hits you with a +3 quarterstaff of chaos!
Crazy Yiuf freezes you.
Your cerulean imp closely misses Crazy Yiuf.
Crazy Yiuf hits you with a +3 quarterstaff of chaos!
* * * LOW HITPOINT WARNING * * *
Aiming: Sandblast (safe; 2% risk of failure)
Press: ? - help, Q - select action, (/) - cycle Shift-Dir - straight line, f/p - Crazy Yiuf
Aim: Crazy Yiuf, wielding a +3 quarterstaff of chaos and wearing a +0 cloak (moderately wounded, ally target, 84% to hit)
The blast of sand hits Crazy Yiuf.
Crazy Yiuf is heavily wounded.
* * * LOW HITPOINT WARNING * * *
Your cerulean imp closely misses Crazy Yiuf.
Crazy Yiuf hits you with a +3 quarterstaff of chaos!
You die...

###..####..##
##..####...
##..######
#.....###
#.###...#
#....)..# ###
♣♣##..###...
#)..#♣♣ ♣♣..#..#
##..
#...g@♣♣♣♣......#
##.
#...#♣5.♣......##
## ###
♣♣♣.♣...########.
♣♣♣♣♣###.......
#..######
#........
##....###
#########.......
#............###


You could see Crazy Yiuf (ally target) and a friendly cerulean imp (summoned).

Vanquished Creatures
  5 adders
  A worm (D:2)
  4 dart slugs
  An orc (D:3)
  6 ball pythons
  9 bats
  7 endoplasms
  2 giant cockroaches
  4 goblins
  10 hobgoblins
  A quokka (D:2)
  A frilled lizard (D:2)
  4 kobolds
  7 rats
62 creatures vanquished.

Notes
Turn   | Place    | Note
-------+----------+-------------------------------------------
     0 | D:1      | AppTheSpectato the Djinni Ice Elementalist began the quest
                  | for the Orb.
     0 | D:1      | AppTheSpectato set off with the following spells memorised:
                  | Freeze, Frozen Ramparts, Ozocubu's Armour, Summon Ice
                  | Beast.
     0 | D:1      | Reached XP level 1. HP: 15/15 MP: 0/0
    73 | D:1      | Reached XP level 2. HP: 9/21 MP: 0/0
   674 | D:1      | Reached XP level 3. HP: 25/26 MP: 0/0
   674 | D:1      | Learned a level 1 spell: Sandblast
   979 | D:2      | Reached skill level 1 in Fighting
  1242 | D:2      | Reached XP level 4. HP: 31/32 MP: 0/0
  2049 | D:3      | Found a runed translucent door.
  2050 | D:3      | Noticed Crazy Yiuf
  2156 | D:3      | Reached XP level 5. HP: 32/38 MP: 0/0
  2156 | D:3      | Learned a level 2 spell: Call Imp
  2481 | D:3      | Mangled by Crazy Yiuf

Illustrated notes

Levels and vault maps discovered:
D:1:      dpeg_arrival_leaves_temple_mockup, layout_basic, nicolae_the_louvre
D:2:      layout_loops_ring
D:3:      layout_rooms, uniq_crazy_yiuf_cottage

Skill      XL: |  1  2  3  4 |
---------------+-------------+-----
Fighting       | 1 2 |  2.2
Spellcasting   | 4 |  4.3
Conjurations   | 4 |  4.3
Hexes          | 4 |  4.3
Summonings     | 4 |  4.3
Necromancy     | 4 |  4.3
Translocations | 4 |  4.3
Transmutations | 4 |  4.3
Fire Magic     | 4 |  4.3
Ice Magic      | 4 |  4.3
Air Magic      | 4 |  4.3
Earth Magic    | 4 |  4.3
Poison Magic   | 4 |  4.3
Dodging        | |  2.4
Stealth        | |  1.8

Action                     |  1- 3 |  4- 6 || total
---------------------------+-------+-------++-------
  Melee: Unarmed           |     3 |       ||     3
         Punch             |     1 |       ||     1
   Cast: Freeze            |    28 |       ||    28
         Sandblast         |    23 |    50 ||    73
         Call Imp          |       |     1 ||     1
    Use: Scroll            |     1 |       ||     1
 Armour: Robe              |    12 |    13 ||    25
  Dodge: Dodged            |    16 |    21 ||    37

Table legend: (Time is in decaauts)
 A = Elapsed time spent in this place.
 B = Non-inter-level travel time spent in this place.
 C = Inter-level travel time spent in this place.
 D = Time resting spent in this place.
 E = Time spent auto-exploring this place.
 F = Levels seen in this place.
 G = Mean time per level.
                   A        B        C        D        E       F      G
               +--------+--------+--------+--------+--------+-----+--------+
         Total |   2515 |   2341 |    174 |    414 |   1569 |   3 |  838.3 |
       Dungeon |   2515 |   2341 |    174 |    414 |   1569 |   3 |  838.3 |
               +--------+--------+--------+--------+--------+-----+--------+

Top non-repeatable levels by time:
     D:1: 977 daAuts
     D:2: 927 daAuts
     D:3: 610 daAuts
